 Dungeon Crawl Stone Soup version 0.22-a0-580-gd5db89c (webtiles) character file.

205 Mgcat the Magician (level 5, -8/45 HPs)
             Began as a Gnoll Wanderer on July 3, 2018.
             Mangled by Sigmund
             ... wielding a +0 scythe
              (13 damage)
             ... on level 3 of the Dungeon.
             The game lasted 00:08:30 (2563 turns).

Mgcat the Magician (Gnoll Wanderer)                 Turns: 2563, Time: 00:08:31

Health: -8/45      AC:  5    Str: 11 (13) XL:     5   Next: 83%
Magic:  9/14       EV: 12    Int: 12 (14) God:
Gold:   79         SH:  0    Dex: 12 (15) Spells: 14/18 levels left

rFire    . . .     SeeInvis .   a - +2 whip (pain)
rCold    + . .     Gourm    .   (no shield)
rNeg     . . .     Faith    .   d - +0 robe
rPois    .         Spirit   .   l - +0 helmet
rElec    .         Reflect  .   (no cloak)
rCorr    .         Harm     .   (no gloves)
MR       .....                  m - +1 pair of boots (curse)
Stlth    +++.......             o - amulet of the acrobat
HPRegen  0.15/turn              b - ring of protection from cold {rC+, !d}
MPRegen  0.14/turn              (no ring)

@: lethally poisoned (-8 -> -9)
A: distributed training, fangs 1, robust 1, screaming 1, weak 1, strong nose
a: no special abilities


You were on level 3 of the Dungeon.
You were hungry.

You visited 1 branch of the dungeon, and saw 3 of its levels.

You collected 79 gold pieces.

Inventory:

Hand Weapons
 a - a +2 whip of pain (weapon)
   (You found it on level 1 of the Dungeon)
Missiles
 c - 62 stones (quivered)
 h - a throwing net {=f, !d}
Armour
 d - a +0 robe (worn)
 l - a +0 helmet (worn)
   (You found it on level 1 of the Dungeon)
 m - a cursed +1 pair of boots (worn)
   (You found it on level 2 of the Dungeon)
Jewellery
 b - a ring of protection from cold (left hand) {rC+, !d}
   (You took it off a hobgoblin on level 2 of the Dungeon)
 o - an amulet of the acrobat (around neck)
   (You found it on level 2 of the Dungeon)
 u - an uncursed amulet of the gourmand {unknown}
   (You found it on level 3 of the Dungeon)
 w - an uncursed amulet of harm {unknown}
   (You found it on level 3 of the Dungeon)
Wands
 n - a wand of iceblast (6)
   (You found it on level 2 of the Dungeon)
 t - a wand of polymorph (10)
   (You took it off Ijyb on level 3 of the Dungeon)
Scrolls
 q - 2 scrolls of remove curse {unknown}
 r - a scroll of random uselessness {unknown}
 v - a scroll of amnesia {unknown}
Potions
 e - a potion of brilliance
 i - a potion of mutation {!q}
 k - a potion of flight
 s - a potion of lignification {!q}
Comestibles
 f - 5 rations
 g - 4 chunks of flesh {@w0}


   Skills:
 + Level 3.0 Fighting
 + Level 1.6 Short Blades
 + Level 3.0 Long Blades
 + Level 1.6 Axes
 + Level 1.6 Maces & Flails
 + Level 1.6 Polearms
 + Level 1.6 Staves
 + Level 1.6 Slings
 + Level 1.6 Bows
 + Level 1.6 Crossbows
 + Level 1.6 Throwing
 + Level 1.6 Armour
 + Level 1.6 Dodging
 + Level 4.4 Stealth
 + Level 1.6 Shields
 + Level 1.6 Unarmed Combat
 + Level 7.3 Spellcasting
 + Level 1.3 Conjurations
 + Level 1.3 Hexes
 + Level 1.3 Charms
 + Level 2.4 Summonings
 + Level 1.3 Necromancy
 + Level 1.3 Translocations
 + Level 1.3 Transmutations
 + Level 1.3 Fire Magic
 + Level 1.3 Ice Magic
 + Level 1.3 Air Magic
 + Level 2.4 Earth Magic
 + Level 1.3 Poison Magic
 + Level 1.8 Invocations
 + Level 3.0 Evocations


You had 14 spell levels left.
You knew the following spells:

 Your Spells              Type           Power        Failure   Level  Hunger
a - Sandblast             Erth           ##....       6%          1    None
b - Stone Arrow           Conj/Erth      #.....       22%         3    ###....

Your spell library contained the following spells:

 Spells                   Type           Power        Failure   Level  Hunger
 Passwall                 Tmut/Erth      #.......     11%         2    #......
 Lee's Rapid Deconstruct  Erth           ##........   85%         5    ######.
 Petrify                  Tmut/Erth      #.......     58%         4    ####...


Dungeon Overview and Level Annotations

Branches:
Dungeon (3/15)

Altars:
Ru

Annotations:
D:3 Sigmund


Innate Abilities, Weirdness & Mutations

Your experience applies equally to all skills.
You have very sharp teeth.
Your uncanny sense of smell can sniff out nearby items.
You are robust. (+10% HP)
You occasionally shout uncontrollably at your foes.
You are weak. (Str -2)


Message History

The blast of sand hits the adder.
The adder is severely wounded.
c - 65 stones
Casting: Sandblast (safe; 4% risk of failure)
Confirm with . or Enter, or press ? or * to list all spells.
Aiming: Sandblast (safe; 4% risk of failure)
Press: ? - help, Shift-Dir - straight line, f/p - adder
Aim: an adder (severely wounded)
The blast of sand hits the adder.
You kill the adder!
c - 64 stones You butcher the adder corpse.
g - 4 chunks of flesh {@w0} (gained 1)
w - a blackened ruby amulet A kobold comes into view.
It is wielding a dagger.
A kobold comes into view. It is wielding a dagger.
Marking area around Sigmund as unsafe for travelling.
Sigmund the Dreaded comes into view.
He is wielding a scythe.
The kobold shouts! x2
The kobold unwields an uncursed dagger.
The kobold wields a blowgun.
The kobold shoots a poisoned needle.
The poisoned needle hits you!
You are poisoned.
The kobold closely misses you.
You see here a poisoned needle.
Unknown command.
Unknown command.
Unknown command.
Unknown command.
You feel sick.
The kobold shoots a poisoned needle.
The poisoned needle closely misses you.
You open the door.
You feel sick.
Sigmund drinks a potion.
Sigmund seems to speed up.
The kobold hits you but does no damage.
There is an open door here.
You feel sick.
Casting: Sandblast (safe; 4% risk of failure)
Confirm with . or Enter, or press ? or * to list all spells.
Aiming: Sandblast (safe; 4% risk of failure)
Press: ? - help, Shift-Dir - straight line, f - kobold
Aim: a kobold, wielding a dagger The blast of sand misses the kobold.
c - 63 stones The kobold barely misses you.
You feel sick.
Casting: Sandblast (safe; 4% risk of failure)
Confirm with . or Enter, or press ? or * to list all spells.
Aiming: Sandblast (safe; 4% risk of failure)
Press: ? - help, Shift-Dir - straight line, f/p - kobold
Aim: a kobold, wielding a dagger The blast of sand hits the kobold.
c - 62 stones The kobold barely misses you.
Sigmund closely misses you.
You closely miss the kobold. The kobold closely misses you.
Sigmund hits you from afar with a scythe.
You closely miss the kobold.
You feel sick. The kobold barely misses you.
Sigmund mumbles some strange words.
Sigmund flickers and vanishes!
Deactivating autopickup; reactivate with Ctrl-A.
Casting: Sandblast (safe; 4% risk of failure)
Confirm with . or Enter, or press ? or * to list all spells.
Aiming: Sandblast (safe; 4% risk of failure)
Press: ? - help, Shift-Dir - straight line, f/p - kobold
Aim: a kobold, wielding a dagger You miscast Sandblast.
You are very lightly contaminated with residual magic.
You feel a surge of energy from the ground.
Something hits you! The kobold closely misses you.
Casting: Sandblast (safe; 4% risk of failure)
Confirm with . or Enter, or press ? or * to list all spells.
Aiming: Stone Arrow (safe; 19% risk of failure)
Press: ? - help, Shift-Dir - straight line, f/p - kobold
Aim: a kobold, wielding a dagger The stone arrow misses the kobold.
Something hits you! The kobold hits you with a dagger.
You are feeling hungry.
You feel sick.
It was a potion of lignification.
You turn into a tree.
Your +0 helmet melds into your body.
Your cursed +1 pair of boots melds into your body.
Your +0 robe melds into your body.
Your roots penetrate the ground.
The kobold hits you but does no damage. Something hits you.
* * * LOW HITPOINT WARNING * * *
It was a potion of mutation.
You feel extremely strange.
You feel the urge to shout.
You feel weaker.
You feel robust. The kobold hits you but does no damage.
Something hits you but does no damage.
It was a potion of degeneration.
There was something very wrong with that liquid.
You feel weakened.
You feel dopey.
You feel clumsy. The kobold hits you but does no damage.
Something hits you but does no damage.
It was a potion of cancellation.
Your magical effects are unravelling.
You feel magically purged.
Your magical contamination has completely faded away.
You feel less wooden.
Your +0 helmet unmelds from your body.
Your cursed +1 pair of boots unmelds from your body.
Your +0 robe unmelds from your body.
You feel sick. The kobold hits you with a dagger.
* * * LOW HITPOINT WARNING * * *
Something hits you!
You die...

..................##.#
.......#.....#....##.#
..[..........#######.#
.............+.......#
.....<.......###..####
.....#............#
.....#...........##
.....##......##########
.. #...(..K.K@.....# .
#......########.#
#.....(....#
##........K#
#........?...
.............##
.............#
...............
............###


You could see 2 kobolds.

Vanquished Creatures
  Ijyb (D:3)
  An orc wizard (D:3)
  4 gnolls (D:2)
  4 adders
  A worm (D:3)
  A dart slug (D:1)
  2 leopard geckos
  14 bats
  2 giant cockroaches (D:1)
  9 goblins
  11 hobgoblins
  7 jackals
  7 kobolds
  A quokka (D:2)
  2 ball pythons (D:2)
  A frilled lizard (D:1)
  4 rats
72 creatures vanquished.

Notes
Turn   | Place    | Note
-------+----------+-------------------------------------------
     0 | D:1      | Mgcat the Gnoll Wanderer began the quest for the Orb.
     0 | D:1      | Mgcat set off with: a +0 short sword, a +0 falchion, a +0 robe, a +0 dagger, a ration
     0 | D:1      | Reached XP level 1. HP: 17/17 MP: 8/8
     2 | D:1      | Learned a level 1 spell: Sandblast
   224 | D:1      | Reached skill level 2 in Summonings
   224 | D:1      | Reached skill level 2 in Earth Magic
   226 | D:1      | Reached XP level 2. HP: 16/23 MP: 10/10
   771 | D:1      | Reached XP level 3. HP: 28/28 MP: 11/11
  1260 | D:2      | Reached skill level 1 in Invocations
  1273 | D:2      | Reached skill level 1 in Short Blades
  1273 | D:2      | Reached skill level 1 in Axes
  1273 | D:2      | Reached skill level 1 in Maces & Flails
  1273 | D:2      | Reached skill level 1 in Polearms
  1273 | D:2      | Reached skill level 1 in Staves
  1273 | D:2      | Reached skill level 1 in Slings
  1273 | D:2      | Reached skill level 1 in Bows
  1273 | D:2      | Reached skill level 1 in Crossbows
  1273 | D:2      | Reached skill level 1 in Throwing
  1273 | D:2      | Reached skill level 1 in Armour
  1273 | D:2      | Reached skill level 1 in Dodging
  1273 | D:2      | Reached skill level 1 in Shields
  1273 | D:2      | Reached skill level 1 in Unarmed Combat
  1273 | D:2      | Reached XP level 4. HP: 15/34 MP: 2/13
  1672 | D:2      | Reached skill level 1 in Conjurations
  1672 | D:2      | Reached skill level 1 in Hexes
  1672 | D:2      | Reached skill level 1 in Charms
  1672 | D:2      | Reached skill level 1 in Necromancy
  1672 | D:2      | Reached skill level 1 in Translocations
  1672 | D:2      | Reached skill level 1 in Transmutations
  1672 | D:2      | Reached skill level 1 in Fire Magic
  1672 | D:2      | Reached skill level 1 in Ice Magic
  1672 | D:2      | Reached skill level 1 in Air Magic
  1672 | D:2      | Reached skill level 1 in Poison Magic
  2163 | D:3      | Learned a level 3 spell: Stone Arrow
  2164 | D:3      | Found a sacrificial altar of Ru.
  2168 | D:3      | Reached XP level 5. HP: 30/40 MP: 9/14
  2206 | D:3      | Noticed Ijyb
  2217 | D:3      | Killed Ijyb
  2217 | D:3      | Reached skill level 3 in Fighting
  2217 | D:3      | Reached skill level 3 in Long Blades
  2217 | D:3      | Reached skill level 3 in Evocations
  2547 | D:3      | Noticed Sigmund
  2560 | D:3      | HP: 13/61 [something (5)]
  2561 | D:3      | Gained mutation: You occasionally shout uncontrollably at your foes. [potion of mutation]
  2561 | D:3      | Gained mutation: You are weak. (Str -2) [potion of mutation]
  2561 | D:3      | Gained mutation: You are robust. (+10% HP) [potion of mutation]
  2563 | D:3      | HP: 5/45 [kobold/dagger (3)]
  2563 | D:3      | Mangled by Sigmund

Vault maps used:
D:1:      lemuel_arrival_cross, serial_forest, infiniplex_forest_lined_3_way,
          infiniplex_forest_straight_5, infiniplex_forest_lined_ring,
          infiniplex_forest_lined_room_2, infiniplex_forest_side_room,
          infiniplex_forest_clump_long, infiniplex_forest_clump_double,
          infiniplex_forest_clump_curved, infiniplex_forest_end_double,
          infiniplex_forest_corner_1
D:2:      grunt_decor_clamped, minmay_unequal
D:3:      cheibrodos_greedy_goblins, nicolae_ru_great_annihilating_truth,
          kennysheep_another_room, hangedman_glass_teeth, minmay_misc_feat_x,
          kennysheep_generic_room_15, uniq_ijyb, uniq_sigmund

Skill      XL: |  1  2  3  4  5 |
---------------+----------------+-----
Summonings     | 2 |  2.4
Earth Magic    | 2 |  2.4
Invocations    | 1 |  1.8
Short Blades   | 1 |  1.6
Axes           | 1 |  1.6
Maces & Flails | 1 |  1.6
Polearms       | 1 |  1.6
Staves         | 1 |  1.6
Slings         | 1 |  1.6
Bows           | 1 |  1.6
Crossbows      | 1 |  1.6
Throwing       | 1 |  1.6
Armour         | 1 |  1.6
Dodging        | 1 |  1.6
Shields        | 1 |  1.6
Unarmed Combat | 1 |  1.6
Conjurations   | 1 |  1.3
Hexes          | 1 |  1.3
Charms         | 1 |  1.3
Necromancy     | 1 |  1.3
Translocations | 1 |  1.3
Transmutations | 1 |  1.3
Fire Magic     | 1 |  1.3
Ice Magic      | 1 |  1.3
Air Magic      | 1 |  1.3
Poison Magic   | 1 |  1.3
Fighting       | 3 |  3.0
Long Blades    | 3 |  3.0
Evocations     | 3 |  3.0
Stealth        | |  4.4
Spellcasting   | |  7.3

Action                   |  1- 3 |  4- 6 || total
-------------------------+-------+-------++-------
Melee: Whip              |    86 |    77 ||   163
       Bite              |    11 |     7 ||    18
       Punch             |       |     2 ||     2
 Cast: Sandblast         |    19 |    34 ||    53
       Stone Arrow       |       |     3 ||     3
  Use: Scroll            |     5 |     2 ||     7
       Potion            |       |     4 ||     4
 Stab: Sleeping          |     5 |     6 ||    11
       Distracted        |     1 |       ||     1
       Paralysed         |       |     2 ||     2
  Eat: Chunk             |     1 |     4 ||     5
Armor: Robe              |    29 |    35 ||    64
       Skin              |       |     5 ||     5
Dodge: Dodged            |    63 |   106 ||   169

Table legend:
 A = Spawn XP
 B = Non-spawn XP
 C = Spawn XP percentage of total XP
 D = Spawn monster count
 E = Non-spawn monster count
 F = Spawn count percentage of total count
 G = Total turns spent on level
                    A         B        C        D         E        F      G
               +---------+---------+-------+---------+---------+-------+---------
         Total |       0 |     294 |   0.0 |       0 |      72 |   0.0 |  2563
               +---------+---------+-------+---------+---------+-------+---------
           D:1 |       0 |      52 |   0.0 |       0 |      29 |   0.0 |  1397
           D:2 |       0 |     118 |   0.0 |       0 |      27 |   0.0 |   813
           D:3 |       0 |     124 |   0.0 |       0 |      16 |   0.0 |   353
               +---------+---------+-------+---------+---------+-------+---------

Vault maps used:
D:1:      lemuel_arrival_cross, serial_forest, infiniplex_forest_lined_3_way,
          infiniplex_forest_straight_5, infiniplex_forest_lined_ring,
          infiniplex_forest_lined_room_2, infiniplex_forest_side_room,
          infiniplex_forest_clump_long, infiniplex_forest_clump_double,
          infiniplex_forest_clump_curved, infiniplex_forest_end_double,
          infiniplex_forest_corner_1
D:2:      grunt_decor_clamped, minmay_unequal
D:3:      cheibrodos_greedy_goblins, nicolae_ru_great_annihilating_truth,
          kennysheep_another_room, hangedman_glass_teeth, minmay_misc_feat_x,
          kennysheep_generic_room_15, uniq_ijyb, uniq_sigmund

Table legend:
 A = Turns spent in this place as a percentage of turns spent in the entire game.
 B = Non-inter-level travel turns spent in this place as a percentage of non-inter-level travel turns spent in the entire game.
 C = Inter-level travel turns spent in this place as a percentage of turns spent in this place.
 D = Turns resting spent in this place as a percentage of non-inter-level travel turns spent in this place.
 E = Turns spent auto-exploring this place as a percentage of non-inter-level travel turns spent in this place.
 F = Non-inter-level travel turns spent in this place divided by the number of levels of this place that you've seen.
                   A       B       C       D       E      F
               +-------+-------+-------+-------+-------+----------------------
         Total | 100.0 | 100.0 |   2.6 |   9.9 |  65.7 | 832.3
       Dungeon | 100.0 | 100.0 |   2.6 |   9.9 |  65.7 | 832.3
               +-------+-------+-------+-------+-------+----------------------

Table legend:
 A = Kills in this place as a percentage of kills in entire the game.
 B = Kills by you in this place as a percentage of kills by you in the entire game.
 C = Kills by friends in this place as a percentage of kills by friends in the entire game.
 D = Other kills in this place as a percentage of other kills in the entire game.
 E = Experience gained in this place as a percentage of experience gained in the entire game.
 F = Experience gained in this place divided by the number of levels of this place that you have seen.
                   A       B       C       D       E      F
               +-------+-------+-------+-------+-------+----------------------
         Total | 100.0 | 100.0 |   N/A |   N/A | 100.0 |  98.0
       Dungeon | 100.0 | 100.0 |   N/A |   N/A | 100.0 |  98.0
               +-------+-------+-------+-------+-------+----------------------
